 Dungeon Crawl Stone Soup version 0.23-a0-435-g79ed067 (webtiles) character file.

6018 Inarius the Cleaver (level 10, -5/83 (84) HPs)
             Began as a Ghoul Fighter on Nov 15, 2018.
             Was a High Priest of Okawaru.
             Slain by a death knight
             ... wielding the +5 morningstar "Dimeu" {freeze, rF+}
              (12 damage)
             ... on level 9 of the Dungeon.
             The game lasted 00:20:51 (9593 turns).

Inarius the Cleaver (Ghoul Fighter)                 Turns: 9593, Time: 00:20:52

HP:   -5/83 (84)    AC: 18    Str: 27    XL:     10   Next: 86%
MP:   9/9           EV:  5    Int:  6    God:    Okawaru [*****.]
Gold: 385           SH: 10    Dex:  8    Spells: 9/9 levels left

rFire    . . .     SeeInvis .   a - +0 war axe
rCold    + . .     Gourm    .   c - +0 shield
rNeg     + + +     Faith    .   H - +0 plate armour
rPois    ∞         Spirit   .   z - +0 helmet
rElec    .         Reflect  .   k - +2 cloak {MR+}
rCorr    .         Harm     .   (no gloves)
MR       +....                  d - +0 pair of boots
Stlth    ..........             (no amulet)
HPRegen  0.00/turn              F - +3 ring of strength
MPRegen  0.11/turn              v - +3 ring of strength

@: rotting
A: rotting body, claws 1, carnivore, cold resistance 1, negative energy
resistance 3, inhibited regeneration, torment resistance, unbreathing
a: Heroism, Finesse, Renounce Religion


You were on level 9 of the Dungeon.
You worshipped Okawaru.
Okawaru was extremely pleased with you.
You were not hungry.

You visited 1 branch of the dungeon, and saw 9 of its levels.

You collected 385 gold pieces.

Inventory:

Hand Weapons
 a - a +0 war axe (weapon)
 l - a +4 dagger of chaos
 t - the +0 spear "Ultimatum" {pain, *Slow Dex+5}
   (You found it on level 4 of the Dungeon)

   In the hands of one skilled in necromantic magic, it inflicts extra damage on
   living creatures.
   It affects your dexterity (+5).
   It may slow you when you take damage.
Armour
 c - a +0 shield (worn)
 d - a +0 pair of boots (worn)
 k - a +2 cloak of magic resistance (worn)
 y - a scarf of repulsion
 z - a +0 helmet (worn)
 H - a +0 plate armour (worn)
Jewellery
 h - an uncursed ring of wizardry
 i - an uncursed ring of see invisible
 v - a +3 ring of strength (right claw)
 x - a +3 ring of protection
 F - a +3 ring of strength (left claw)
Wands
 C - a wand of digging (4)
Scrolls
 e - 3 scrolls of immolation
 g - 5 scrolls of blinking
 j - a scroll of magic mapping
 m - 3 scrolls of remove curse
 n - 2 scrolls of noise
 r - 3 scrolls of teleportation
 u - a scroll of fear
 A - a scroll of enchant weapon {unknown}
 B - a scroll of enchant armour {unknown}
Potions
 b - a potion of brilliance {unknown}
 o - 2 potions of cancellation
 p - a potion of ambrosia
 q - a potion of curing
 s - a potion of berserk rage
 w - 3 potions of heal wounds
 E - 4 potions of degeneration {unknown}
Comestibles
 f - 20 rations


   Skills:
 + Level 6.7 Fighting
 * Level 11.1 Axes
 + Level 6.4 Armour
 + Level 6.2 Shields
 + Level 0.5 Evocations


You had 9 spell levels left.
You didn't know any spells.
Your spell library contained the following spells:

 Spells                   Type           Power        Failure   Level  Hunger
 Confuse                  Hex            #.......     100%        3    ####...
 Ignite Poison            Fire/Tmut/Pois #.......     100%        3    ####...
 Leda's Liquefaction      Hex/Erth       #.........   100%        4    #####..
 Metabolic Englaciation   Hex/Ice        #.........   100%        5    ######.
 Spider Form              Tmut/Pois      Unusable     N/A         3    N/A

Dungeon Overview and Level Annotations

Branches:
Dungeon (9/15)             Temple (0/1) D:5             Orc (0/2) D:9
   Lair: D:8-11

Altars:
Ashenzari
Cheibriados
Fedhas
Gozag
Hepliaklqana
Makhleb
Okawaru
Sif Muna
Uskayaw
Wu Jian
Yredelemnul
The Shining One

Annotations:
D:8 3 runed doors, smcx's ghost, novice MiBe


Innate Abilities, Weirdness & Mutations

Your body is rotting away.
You thrive on raw meat.
You are immune to poison.
You have sharp fingernails.
You are carnivorous and can eat meat at any time.
Your flesh is cold resistant. (rC+)
You are immune to negative energy. (rN+++)
You do not regenerate when monsters are visible.
You are immune to unholy pain and torment.
You can survive without breathing.


Message History

The death knight's dark mirror aura disappears.
You hit the death knight.
The death knight is severely wounded.
The death knight hits you with the +5 morningstar "Dimeu" {freeze, rF+}!
The death knight freezes you.
You closely miss the death knight.
The death knight is severely wounded.
You block the death knight's attack.
You hit the death knight but do no damage.
The death knight is severely wounded.
You hit the death knight but do no damage.
The death knight is severely wounded.
The death knight hits you with the +5 morningstar "Dimeu" {freeze, rF+}!!
* * * LOW HITPOINT WARNING * * *
The death knight freezes you.
* * * LOW HITPOINT WARNING * * *
You slash the death knight!
The death knight is almost dead.
The death knight hits you with the +5 morningstar "Dimeu" {freeze, rF+}!
You die...

##'##......# #.# .. ##
#..##..P..# ##.# #..#......# #..#
.. # #####.....# #..#####..####
........# #..#....####..
..........#####..#..####....
..............<..'####..####
.................###....#...
..#######..@p....'......#.#. ..
#...####.###....#[#. #####
######)..# #...###..###)
#...#####..)##)).# ###...###....
#.8.....).8[.....######.....###.)
...#####).)#.................###
##.#'###'####.#########..####...#
##.##...## #.# #..# ###..
##.##.>.# #.# #..# #..


You could see a death knight.

Vanquished Creatures
  A two-headed ogre (D:8)
  An unseen horror (D:9)
  An ugly thing (D:9)
  Psyche (D:8)
  A hornet (D:9)
  A hippogriff (D:9)
  A shadow (D:9)
  The ghost of Gorice the Covered, an amateur DsWn of Okawaru (D:5)
  3 vampire mosquitoes (D:8)
  2 orc warriors (D:9)
  3 ice beasts
  3 sky beasts
  A phantom (D:6)
  5 ogres
  5 centaurs
  A big kobold (D:9)
  5 bullfrogs
  2 scorpions (D:4)
  A wyvern skeleton (D:9)
  2 howler monkeys
  A crimson imp (D:2)
  A bullfrog zombie (D:8)
  3 orc priests (D:9)
  A hound (D:8)
  A jelly (D:7)
  5 orc wizards
  Crazy Yiuf (D:6)
  An iron imp (D:5)
  2 iguanas
  5 worker ants
  A hound zombie (D:9)
  A worker ant zombie (D:6)
  3 gnolls (D:5)
  9 adders
  A shadow imp (D:4)
  A worker ant simulacrum (D:9)
  An ooze (D:1)
  An adder zombie (D:8)
  An adder skeleton (D:4)
  3 worms
  4 dart slugs
  4 leopard geckos
  55 orcs
  5 giant cockroaches
  10 goblins
  12 hobgoblins
  8 jackals
  2 quokkas
  9 bats
  5 frilled lizards
  13 kobolds
  4 leopard gecko skeletons
  A quokka skeleton (D:8)
  2 quokka zombies
  7 rats
225 creatures vanquished.

Vanquished Creatures (others)
  4 toadstools (D:1)
4 creatures vanquished.

Grand Total: 229 creatures vanquished

Notes
Turn   | Place    | Note
-------+----------+-------------------------------------------
     0 | D:1      | Inarius the Ghoul Fighter began the quest for the Orb.
     0 | D:1      | Reached XP level 1. HP: 19/19 MP: 0/0
    92 | D:1      | Reached skill level 2 in Axes
    92 | D:1      | Reached XP level 2. HP: 13/26 MP: 1/1
   607 | D:1      | Reached XP level 3. HP: 22/31 MP: 2/2
  1620 | D:2      | Reached XP level 4. HP: 22/38 MP: 3/3
  2272 | D:2      | Reached skill level 3 in Axes
  2383 | D:2      | Found a burning altar of Makhleb.
  2415 | D:2      | Reached XP level 5. HP: 36/45 MP: 4/4
  2580 | D:3      | Found an iron altar of Okawaru.
  2603 | D:3      | Became a worshipper of Warmaster Okawaru
  2636 | D:3      | Found a shattered altar of Ashenzari.
  2745 | D:3      | Reached skill level 4 in Axes
  2995 | D:3      | Reached XP level 6. HP: 52/52 MP: 5/5
  3209 | D:4      | Noticed a porcupine
  3209 | D:4      | an ogre changed into a porcupine
  3219 | D:4      | HP: 2/52 [porcupine (5)]
  3225 | D:4      | a porcupine changed into an ogre
  3233 | D:4      | Reached * piety under Okawaru
  3316 | D:4      | Reached skill level 5 in Axes
  3316 | D:4      | Reached XP level 7. HP: 37/59 MP: 6/6
  3481 | D:4      | Found a glowing golden altar of the Shining One.
  3571 | D:4      | Got a faintly glowing spear
  3572 | D:4      | Identified the cursed +0 spear "Ultimatum" {pain, *Slow
                  | Dex+5} (You found it on level 4 of the Dungeon)
  4013 | D:5      | Entered Level 5 of the Dungeon
  4185 | D:5      | You fall through a shaft!
  4329 | D:5      | Found a staircase to the Ecumenical Temple.
  4397 | D:5      | Found a runed gate.
  4399 | D:5      | Found a runed gate.
  4401 | D:5      | Found a runed gate.
  4441 | D:5      | Found a basalt altar of Yredelemnul.
  4631 | D:5      | Noticed Gorice's ghost (amateur DsWn)
  4715 | D:6      | Found a hide-covered altar of Uskayaw.
  4725 | D:6      | Reached skill level 6 in Axes
  4752 | D:5      | Reached XP level 8. HP: 18/67 MP: 7/7
  5491 | D:6      | Reached ** piety under Okawaru
  5598 | D:6      | Found a glowing golden altar of the Shining One.
  5660 | D:6      | Found a deep blue altar of Sif Muna.
  5792 | D:6      | Reached skill level 7 in Axes
  5888 | D:6      | Found a hazy altar of Hepliaklqana.
  6342 | D:6      | Found a runed door.
  6346 | D:6      | Noticed Crazy Yiuf
  6352 | D:6      | Killed Crazy Yiuf
  6352 | D:6      | Reached skill level 5 in Fighting
  6459 | D:7      | Identified Sif Muna's Volume of Toxins and Enchantment
  6547 | D:7      | Reached skill level 5 in Armour
  6547 | D:7      | Reached XP level 9. HP: 55/74 MP: 8/8
  6638 | D:7      | Reached skill level 8 in Axes
  6693 | D:7      | Reached skill level 5 in Shields
  7333 | D:8      | Reached *** piety under Okawaru
  7531 | D:8      | Noticed a two-headed ogre
  7555 | D:8      | Killed a two-headed ogre
  7555 | D:8      | Reached skill level 9 in Axes
  7633 | D:8      | Found a runed gate.
  7633 | D:8      | Found a runed gate.
  7633 | D:8      | Found a runed gate.
  7639 | D:8      | Found an opulent altar of Gozag.
  7639 | D:8      | Noticed smcx's ghost (novice MiBe)
  7658 | D:8      | Noticed Psyche
  7681 | D:8      | Killed Psyche
  7681 | D:8      | Reached XP level 10. HP: 12/83 MP: 9/9
  8274 | D:5      | Killed Gorice's ghost
  8274 | D:5      | Reached **** piety under Okawaru
  8274 | D:5      | Reached skill level 10 in Axes
  8604 | D:9      | Found a snail-covered altar of Cheibriados.
  8764 | D:9      | Found a staircase to the Orcish Mines.
  8883 | D:9      | Found an ornate altar of the Wu Jian Council.
  8957 | D:9      | Found a blossoming altar of Fedhas.
  8968 | D:9      | Noticed a green ugly thing
  8991 | D:9      | Killed a green ugly thing
  9007 | D:9      | Noticed an unseen horror
  9128 | D:9      | Reached ***** piety under Okawaru
  9146 | D:9      | Killed an unseen horror
  9146 | D:9      | Reached skill level 11 in Axes
  9239 | D:9      | Identified the +5 morningstar "Dimeu" {freeze, rF+}
  9239 | D:9      | Noticed a death knight
  9593 | D:9      | Slain by a death knight

Vault maps used:
D:1:      ldierk_water_garden, dk_noncrumbling_3
D:2:      makhleb_grotto_becter
D:3:      lemuel_coloured_pillars_altar, first_ration, st_stairs_5,
          okawaru_ov_weapons_minmay
D:4:      kennysheep_mini_moat
D:5:      overflow_temple_1_default, minmay_temple_entry_water_ring,
          ebering_ghost_rock_garden
D:6:      eat_drink_and_be_merry_uskayaw, old_standard_altar, tgw_sif,
          tso_metal_star, uniq_crazy_yiuf_cottage
D:8:      ebering_ghost_gozag, uniq_psyche
D:9:      minmay_the_grid_triangle_9x9_rhombus_thin, slow_altar_2,
          hiddenorc2_lemuel, basic_altar, blue_anna_alchemist

Skill      XL: |  1  2  3  4  5  6  7  8  9 10 |
---------------+-------------------------------+-----
Axes           | 2 3 4 5 6 7 9 11 | 11.1
Shields        | 3 4 5 6 |  6.2
Armour         | 3 4 5 6 |  6.4
Fighting       | 4 5 6 |  6.7
Evocations     | |  0.5

Action                   |  1- 3 |  4- 6 |  7- 9 | 10-12 || total
-------------------------+-------+-------+-------+-------++-------
Melee: War axe           |   306 |   233 |   412 |   295 ||  1246
Evoke: Wand              |       |     6 |     3 |     8 ||    17
  Use: Scroll            |     3 |     4 |    11 |     1 ||    19
       Potion            |     1 |     4 |     4 |       ||     9
  Eat: Chunk             |    29 |    31 |    51 |    40 ||   151
Armor: Scale mail        |   300 |   106 |    21 |       ||   427
       Chain mail        |       |       |   224 |   102 ||   326
       Plate armour      |       |       |       |     8 ||     8
Dodge: Dodged            |   201 |    95 |   105 |    46 ||   447
Block: Shield            |   250 |   126 |   214 |   130 ||   720

Table legend:
 A = Non-vault XP
 B = Vault XP
 C = Vault XP percentage of total XP
 D = Non-vault monster count
 E = Vault monster count
 F = Vault count percentage of total count
                 A         B        C        D         E       F
            +---------+---------+-------+---------+---------+-------
      Total |    5426 |    3172 |  36.9 |     180 |      45 |  20.0
            +---------+---------+-------+---------+---------+-------
        D:1 |      56 |       0 |   0.0 |      32 |       0 |   0.0
        D:2 |      64 |      50 |  43.9 |      22 |       1 |   4.3
        D:3 |     148 |       6 |   3.9 |      19 |       3 |  13.6
        D:4 |     544 |       0 |   0.0 |      23 |       0 |   0.0
        D:5 |     319 |     187 |  37.0 |      15 |       1 |   6.2
        D:6 |     970 |      39 |   3.9 |      16 |       1 |   5.9
        D:7 |     552 |       0 |   0.0 |      10 |       0 |   0.0
        D:8 |    1660 |     439 |  20.9 |      14 |       1 |   6.7
        D:9 |    1113 |    2451 |  68.8 |      29 |      38 |  56.7
            +---------+---------+-------+---------+---------+-------
